 Dungeon Crawl Stone Soup version 0.16.1-11-g651b585 (webtiles) character file.

7590 tcjsavannah the Thaumaturge (level 10, 0/69 HPs)
             Began as a Red Draconian Air Elementalist on Apr 5, 2015.
             Was a Believer of Vehumet.
             Slain by a wolf (12 damage)
             ... on level 1 of the Lair of Beasts.
             The game lasted 01:05:08 (7887 turns).

tcjsavannah the Thaumaturge (DrAE)                  Turns: 7887, Time: 01:05:08

Health: 0/69       AC: 12    Str: 11    XL:     10   Next: 97%
Magic:  0/28       EV: 12    Int: 18    God:    Vehumet [**....]
Gold:   431        SH:  0    Dex: 12    Spells: 6 memorised, 17 levels left

rFire  + + .     SeeInvis .     a - +3 spear (venom)
rCold  . . .     Clarity  .     (armour unavailable)
rNeg   + + .     SustAb   .     (no shield)
rPois  .         Gourm    .     (helmet restricted)
rElec  .         Spirit   .     m - +2 cloak {+Inv}
rCorr  .         Warding  +     K - +0 pair of gloves
rMut   .         Stasis   .     y - +0 pair of boots
MR     .....                    j - amulet of warding
Stlth  ++........               R - ring of positive energy
                                N - ring of protection from fire

@: not resistant to hostile enchantments, unstealthy
A: breathe fire, unfitting armour, fire resistance 1, cold-blooded, AC +7
a: Breathe Fire, Renounce Religion, Evoke Invisibility


You were on level 1 of the Lair of Beasts.
You worshipped Vehumet.
Vehumet was pleased with you.
You were not hungry.

You visited 3 branches of the dungeon, and saw 11 of its levels.

You collected 431 gold pieces.

Inventory:

Hand weapons
 a - a +3 spear of venom (weapon)
 b - a +0 blowgun
 d - a cursed -3 quarterstaff
Missiles
 o - 11 tomahawks (quivered)
 M - 4 javelins
 Q - 4 curare-tipped needles
Armour
 m - a +2 cloak of invisibility (worn)
 y - a +0 pair of boots (worn)
 K - a +0 pair of gloves (worn)
Jewellery
 j - an amulet of warding (around neck)
 N - a ring of protection from fire (left hand)
 R - a ring of positive energy (right hand)
Magical devices
 f - a wand of draining (6)
 i - a wand of digging (14)
 p - a wand of confusion (36)
 D - a wand of fire (2)
 L - a wand of hasting (3)
 T - a wand of disintegration (1)
Scrolls
 t - a scroll of magic mapping
 w - 3 scrolls of remove curse
 F - a scroll of amnesia
 O - 4 scrolls of enchant armour
 S - 2 scrolls of identify
Potions
 e - a potion of might {unknown}
 g - 3 potions of agility
 k - a potion of curing
 r - 2 potions of lignification {unknown}
 u - a potion of haste {unknown}
 v - 3 potions of resistance
 z - a potion of heal wounds
 A - a potion of flight {unknown}
 B - a potion of brilliance {unknown}
Books
 C - a Young Poisoner's Handbook

   Spells                             Type                      Level
   a - Sting                          Conjuration/Poison           1
   b - Cure Poison                    Poison                       2
   c - Mephitic Cloud                 Conjuration/Poison/Air       3
   d - Olgreb's Toxic Radiance        Poison                       4
   e - Venom Bolt                     Conjuration/Poison           5
 P - a book of Air

   Spells                             Type                      Level
   a - Shock                          Conjuration/Air              1
   b - Swiftness                      Charms/Air                   2
   c - Repel Missiles                 Charms/Air                   2
   d - Flight                         Charms/Air                   3
   e - Static Discharge               Conjuration/Air              3
   f - Lightning Bolt                 Conjuration/Air              5
Comestibles
 c - 7 bread rations
 h - 2 chunks of flesh
 l - a royal jelly
 n - a slice of pizza
 H - 4 meat rations


   Skills:
 - Level 1.7 Dodging
 - Level 1.7 Stealth
 - Level 10.1 Spellcasting
 - Level 10.0 Conjurations
 + Level 9.1 Air Magic
 - Level 0.2 Poison Magic


You had 17 spell levels left.
You knew the following spells:

 Your Spells              Type           Power        Failure   Level  Hunger
a - Shock                 Conj/Air       ####         1%          1    None
b - Repel Missiles        Chrm/Air       ####..       1%          2    None
c - Swiftness             Chrm/Air       ####....     1%          2    None
d - Lightning Bolt        Conj/Air       #####.....   4%          5    #####..
e - Sting                 Conj/Pois      ####         1%          1    None
f - Flame Tongue          Conj/Fire      ####.        1%          1    None


Dungeon Overview and Level Annotations

Branches:
Dungeon (9/15)             Temple (1/1) D:5            Lair (1/8) D:9
    Orc: D:9-12

Altars:
Ashenzari
Cheibriados
Elyvilon
Fedhas
Gozag
Kikubaaqudgha
Makhleb
Qazlal
Ru
Sif Muna
Trog
Vehumet
Xom
The Shining One


Innate Abilities, Weirdness & Mutations

You can breathe blasts of fire.
Your fiery red scales are hard (AC +7).
Your body does not fit into most forms of armour.
Your flesh is heat resistant.
Your cold-blooded metabolism reacts poorly to cold.


Message History

The wolf bites you.
* * * LOW HITPOINT WARNING * * *
The wolf bites you but does no damage.
Casting: Shock
Confirm with . or Enter, or press ? or * to list all spells.
Aiming: Shock
Press: ? - help, Shift-Dir - straight line The zap hits the wolf.
The wolf is almost dead.
The wolf barely misses you.
Casting: Shock
Confirm with . or Enter, or press ? or * to list all spells.
Aiming: Shock
Press: ? - help, Shift-Dir - straight line The zap hits the wolf.
The wolf appears unharmed.
The wolf is almost dead.
The wolf bites you.
* * * LOW HITPOINT WARNING * * *
The wolf bites you!
You die...

............................
#..
................##.###.....
##.. ..##...........%# .#
..#..###...
.#####...###....##Fr
..#.......# ## #..##
##†.#.### ..#......## #
##..# ##..##.# ..#.......# #
#...# #..#..##....##....P #
#P..# ##h##..#..........##
##..# ##@##..#..........
#P..# #...†............ #
###..# #......##.....##P #
##...## ####.........# ##
###...#.# ##.......
....#P### ....... ..#####
....... ### #..... # ...P


You could see a wolf.

Vanquished Creatures
  A hydra (D:9)
  The ghost of Erebus the Basher, an experienced TrBe of Trog (D:8)
  Pikel (D:7)
  2 spiny frogs (Lair:1)
  A fire drake (Lair:1)
  The ghost of Nychthemeron the Covert, an experienced FeEn (D:5)
  Eustachio (D:4)
  3 wolves (Lair:1)
  2 hippogriffs
  Edmund (D:6)
  Menkaure (D:4)
  2 water moccasins (Lair:1)
  9 porcupines (Lair:1)
  The ghost of ateoluz the Firebug, an average DEFE (D:4)
  An orc warrior (D:6)
  A necrophage (D:6)
  4 sky beasts
  2 crocodiles
  2 ogres
  Sigmund (D:7)
  3 centaurs
  7 giant frogs
  2 scorpions (D:7)
  4 wights (D:7)
  A goliath beetle (D:6)
  2 orc priests
  A giant frog zombie (D:5)
  3 crimson imps
  2 jellies (D:8)
  2 iguanas
  3 hounds
  4 orc wizards
  4 worker ants (D:5)
  Ijyb (D:7)
  Jessica (D:2)
  A hound skeleton (D:5)
  A worker ant zombie (D:5)
  Robin (D:2)
  12 adders
  4 gnolls (D:7)
  3 shadow imps
  2 worms (D:2)
  An adder zombie (D:5)
  An adder skeleton (D:6)
  4 giant geckos
  An ooze (D:4)
  16 orcs
  2 bat skeletons (D:4)
  A bat zombie (D:8)
  2 giant cockroaches
  18 goblins
  10 hobgoblins
  7 jackals
  2 ball pythons
  11 bats
  3 giant newts
  A giant spore (D:8)
  13 kobolds
  5 quokkas
  A quokka skeleton (D:5)
  13 rats
  A ballistomycete (D:8)
215 creatures vanquished.

Vanquished Creatures (collateral kills)
  A worker ant (D:6)
  A goblin (D:6)
2 creatures vanquished.

Vanquished Creatures (others)
  A slave (D:7)
  A goblin (D:6)
2 creatures vanquished.

Grand Total: 219 creatures vanquished

Notes
Turn   | Place    | Note
--------------------------------------------------------------
     0 | D:1      | tcjsavannah, the Draconian Air Elementalist, began the quest for the Orb.
     0 | D:1      | Reached XP level 1. HP: 14/14 MP: 3/3
   225 | D:1      | Reached XP level 2. HP: 12/20 MP: 1/5
   344 | D:1      | Learned a level 2 spell: Repel Missiles
   347 | D:1      | Learned a level 2 spell: Swiftness
   764 | D:2      | Noticed Robin
   822 | D:2      | Reached XP level 3. HP: 16/26 MP: 2/8
  1088 | D:2      | Killed Robin
  1088 | D:2      | Reached skill level 4 in Spellcasting
  1103 | D:2      | Reached XP level 4. HP: 17/33 MP: 0/11
  1356 | D:2      | Noticed Jessica
  1367 | D:2      | Killed Jessica
  1971 | D:3      | Reached skill level 5 in Spellcasting
  1971 | D:3      | Reached XP level 5. HP: 17/38 MP: 6/15
  2465 | D:4      | Learned a level 5 spell: Lightning Bolt
  2548 | D:4      | Noticed Menkaure
  2717 | D:4      | Killed Menkaure
  2717 | D:4      | Reached XP level 6. HP: 26/45 MP: 13/17
  2863 | D:4      | Noticed ateoluz's ghost (average DEFE)
  2867 | D:4      | Killed ateoluz's ghost
  2893 | D:4      | Noticed Eustachio
  2969 | D:4      | Reached skill level 5 in Conjurations
  3016 | D:4      | Your scales start taking on a fiery red colour.
  3016 | D:4      | Gained mutation: Your flesh is heat resistant. [draconian maturity]
  3016 | D:4      | Reached XP level 7. HP: 31/50 MP: 15/18
  3059 | D:4      | Killed Eustachio
  3195 | D:5      | Entered Level 5 of the Dungeon
  3252 | D:5      | Reached skill level 5 in Air Magic
  3272 | D:5      | Noticed Nychthemeron's ghost (experienced FeEn)
  3274 | D:5      | Killed Nychthemeron's ghost
  3373 | D:5      | Reached XP level 8. HP: 46/57 MP: 17/21
  3427 | D:5      | Reached skill level 6 in Spellcasting
  4036 | D:5      | Found a staircase to the Ecumenical Temple.
  4114 | Temple   | Entered the Ecumenical Temple
  4130 | Temple   | Became a worshipper of Vehumet
  4628 | D:6      | Reached skill level 7 in Spellcasting
  4740 | D:6      | Noticed Edmund
  4764 | D:6      | Killed Edmund
  4856 | D:6      | Learned a level 1 spell: Sting
  4923 | D:6      | Found a bloodstained altar of Trog.
  5059 | D:6      | Reached XP level 9. HP: 62/62 MP: 21/24
  5139 | D:7      | Noticed Ijyb
  5158 | D:7      | Killed Ijyb
  5324 | D:7      | Reached skill level 8 in Spellcasting
  5492 | D:7      | Noticed Sigmund
  5497 | D:7      | Killed Sigmund
  5538 | D:7      | Found a stormy altar of Qazlal.
  5553 | D:7      | Acquired Vehumet's first power
  5553 | D:7      | Offered knowledge of Flame Tongue by Vehumet.
  5556 | D:7      | Learned a level 1 spell: Flame Tongue
  5728 | D:7      | Found a sacrificial altar of Ru.
  5733 | D:7      | Found a shattered altar of Ashenzari.
  5738 | D:7      | Found an ancient bone altar of Kikubaaqudgha.
  5739 | D:7      | Found a snail-covered altar of Cheibriados.
  5794 | D:7      | Noticed Pikel
  5815 | D:7      | Killed Pikel
  6082 | D:8      | Reached skill level 9 in Spellcasting
  6464 | D:8      | Noticed Erebus' ghost (experienced TrBe)
  6495 | D:8      | Killed Erebus' ghost
  6495 | D:8      | Reached XP level 10. HP: 69/69 MP: 4/28
  6743 | D:9      | Got a brightly glowing arbalest
  6744 | D:9      | Identified the +3 arbalest of Fios {elec, +Blink +Fly rF+ MR+} (You found it on level 9 of the Dungeon)
  6878 | D:9      | Found a burning altar of Makhleb.
  6887 | D:9      | Found a shimmering altar of Xom.
  6918 | D:9      | Noticed a five-headed hydra
  6922 | D:9      | Killed a five-headed hydra
  6922 | D:9      | Reached skill level 10 in Spellcasting
  6922 | D:9      | Reached skill level 10 in Conjurations
  7108 | D:9      | Found a staircase to the Lair.
  7117 | Lair:1   | Entered Level 1 of the Lair of Beasts
  7384 | Lair:1   | Offered knowledge of Freeze by Vehumet.
  7887 | Lair:1   | Slain by a wolf

Action                   |  1- 3 |  4- 6 |  7- 9 | 10-12 || total
-------------------------+-------+-------+-------+-------++-------
Melee: Dagger            |    53 |    20 |       |       ||    73
       Spear             |       |    47 |   145 |    96 ||   288
       Blowgun           |       |       |     1 |       ||     1
 Fire: Blowgun           |       |       |    22 |       ||    22
Throw: Tomahawk          |     4 |       |       |       ||     4
 Cast: Shock             |    58 |    92 |   115 |    78 ||   343
       Lightning Bolt    |       |       |    14 |    10 ||    24
       Sting             |       |       |    10 |     7 ||    17
       Flame Tongue      |       |       |    10 |     7 ||    17
Evoke: Wand              |       |     4 |    12 |     3 ||    19
  Use: Potion            |     1 |     1 |     3 |     5 ||    10
       Scroll            |       |     6 |    12 |     2 ||    20
 Stab: Sleeping          |       |     1 |     2 |       ||     3
       Distracted        |       |       |       |     1 ||     1
  Eat: Chunk             |     1 |     4 |     9 |     4 ||    18
       Pizza             |       |     1 |       |     1 ||     2
       Beef jerky        |       |       |     1 |     1 ||     2
       Meat ration       |       |       |     1 |       ||     1
